 Dungeon Crawl Stone Soup version 0.28-a0-1486-g8196b01e9b (webtiles) character file.

Game seed: 4986554878877965012

7020 Cheeritup the Destroyer (level 10, -5/88 HPs)
             Began as a Pale Draconian Conjurer on Jan 12, 2022.
             Was an Elder of Vehumet.
             Slain by a komodo dragon (23 damage)
             ... on level 10 of the Dungeon.
             The game lasted 01:02:03 (13326 turns).

Cheeritup the Destroyer (Pale Draconian Conjurer)  Turns: 13326, Time: 01:02:04

Health: -5/88      AC: 10    Str: 10    XL:     10   Next: 82%
Magic:  16/31      EV: 11    Int: 26    God:    Vehumet [****..]
Gold:   322        SH:  5    Dex:  5    Spells: 6/26 levels left

rFire   . . .      SeeInvis +   w - +1 dagger (elec)
rCold   . . .      Faith    .   (no shield)
rNeg    . . .      Spirit   .   (armour unavailable)
rPois   .          Reflect  +   (helmet restricted)
rElec   .          Harm     .   (no cloak)
rCorr   .          Rampage  .   (no gloves)
Will    .....                   M - +2 pair of boots
Stlth   ++........              r - amulet of reflection
HPRegen 0.24/turn               c - ring "Cyakaa Luqu" {+Blink MP+9 Int+4 Dex-5 Stlth+}
MPRegen 0.22/turn               t - ring of see invisible

@: no status effects
A: breathe steam, AC +7, unfitting armour, cold-blooded, steam resistance
a: Breathe Steam, Renounce Religion, Evoke Blink


You were on level 10 of the Dungeon.
You worshipped Vehumet.
Vehumet was greatly pleased with you.
You visited 1 branch of the dungeon, and saw 10 of its levels.
You also visited: Sewer and Bailey.

You collected 502 gold pieces.
You spent 180 gold pieces at shops.

Inventory:

Hand Weapons
 h - a +2 short sword of draining
 w - a +1 dagger of electrocution (weapon)
 y - a +2 halberd of flaming
 z - a +2 falchion of holy wrath
 D - a +2 short sword of speed
 E - the +1 mace of Hedoco {drain, +Blink Fly Str+4}
   (You found it on level 8 of the Dungeon)

   A truly terrible weapon, it drains the life of any living foe it strikes.
   Str:       It affects your strength (+4).
   Fly:       It grants you flight.
   +Blink:    It lets you blink.
Missiles
 A - a curare-tipped dart
 I - a throwing net
Armour
 M - a +2 pair of boots (worn)
Magical Staves
 f - a staff of poison
Jewellery
 c - the ring "Cyakaa Luqu" (left hand) {+Blink MP+9 Int+4 Dex-5 Stlth+}
   (You found it on level 4 of the Dungeon)

   [ring of magical power]

   Int:       It affects your intelligence (+4).
   Dex:       It affects your dexterity (-5).
   MP:        It affects your magic capacity (+9).
   +Blink:    It lets you blink.
   Stlth:     It makes you more stealthy.
 i - a ring of wizardry
 j - a ring of ice
 l - a +4 ring of evasion
 r - an amulet of reflection (around neck)
 t - a ring of see invisible (right hand)
 u - a ring of poison resistance
 v - a ring of magical power
 x - an amulet of faith
 C - the ring of Fyeprucw {Fire Dex+2}
   (You found it on level 7 of the Dungeon)

   [ring of fire]

   It enhances your fire magic.
   Dex:       It affects your dexterity (+2).
   rF:        It protects you from fire.
   rC:        It makes you vulnerable to cold.
Wands
 d - a wand of mindburst (16)
 k - a wand of acid (7)
 H - a wand of digging (9)
Scrolls
 a - 7 scrolls of teleportation
 e - 4 scrolls of fog
 p - 3 scrolls of fear
 q - 2 scrolls of amnesia
 L - 3 scrolls of blinking
Potions
 b - 6 potions of curing
 m - a potion of cancellation
 n - 3 potions of magic
 o - a potion of berserk rage
 s - a potion of might
 B - 4 potions of heal wounds
 F - a potion of mutation
 G - a potion of flight
Miscellaneous
 J - a phial of floods


   Skills:
 * Level 7.9 Fighting
 - Level 2.0 Short Blades
 - Level 2.2 Dodging
 - Level 2.0 Stealth
 + Level 8.6 Spellcasting
 + Level 10.5 Conjurations
 - Level 1.5 Hexes
 - Level 5.5 Fire Magic
 - Level 1.5 Air Magic
 - Level 1.5 Poison Magic
 - Level 1.5 Evocations


You had 6 spell levels left.
You knew the following spells:

 Your Spells              Type           Power      Damage    Failure   Level
a - Magic Dart            Conj           100%       1d8       1%          1
b - Searing Ray           Conj           100%       2d8       1%          2
c - Fulminant Prism       Conj/Hex       21%        3d13      1%          4
d - Mephitic Cloud        Conj/Pois/Air  34%        N/A       1%          3
e - Orb of Destruction    Conj           30%        9d11      16%         7
f - Conjure Flame         Conj/Fire      52%        6-21      1%          3

Your spell library contained the following spells:

 Spells                   Type           Power      Damage    Failure   Level
 Dazzling Flash           Conj/Hex       84%        N/A       1%          3
 Iskenderun's Mystic Bla  Conj/Tloc      38%        2d9       1%          4
 Pain                     Necr           44%        1d6       5%          1
 Freezing Cloud           Conj/Ice/Air   16%        6-21      8%          5
 Summon Guardian Golem    Hex/Summ       15%        N/A       12%         3
 Agony                    Necr           11%        N/A       83%         5
 Excruciating Wounds      Necr           5%         N/A       83%         5
 Simulacrum               Ice/Necr       5%         N/A       100%        6
 Spellforged Servitor     Conj/Summ      19%        N/A       75%         7
 Polar Vortex             Ice            5%         N/A       100%        9


Dungeon Overview and Level Annotations

Branches:
Dungeon (10/15)            Temple (0/1) D:4            Lair (0/6) D:9
  Sewer (visited)          Bailey (visited)
    Orc: D:9-12

Altars:
Cheibriados
Gozag
Hepliaklqana
Kikubaaqudgha
Nemelex Xobeh
Okawaru
Sif Muna
Trog
Uskayaw
Vehumet
Wu Jian
Yredelemnul
Zin

Shops:
D:5 *=

Annotations:
D:7 4 runed translucent doors


Innate Abilities, Weirdness & Mutations

You can breathe blasts of scalding, opaque steam.
Your pale cyan-grey scales are hard. (AC +7)
You cannot fit into any form of body armour.
You are cold-blooded and may be slowed by cold attacks.
You are immune to the effects of steam.


Message History

(Press . to maintain the ray.)
The searing ray hits the komodo dragon.
The komodo dragon is lightly wounded.
The komodo dragon closely misses you.
The searing ray hits the komodo dragon but does no damage.
The komodo dragon is lightly wounded.
You block the komodo dragon's attack.
The searing ray hits the komodo dragon!
The komodo dragon is moderately wounded.
You finish channelling your searing ray.
The komodo dragon bites you!!
* * * LOW HITPOINT WARNING * * *
Casting: Searing Ray (safe; 1% risk of failure)
Confirm with . or Enter, or press ? or * to list all spells.
Aiming: Fulminant Prism (mildly dangerous; 1% risk of failure)
Press: ? - help, Dir - move target, f - komodo dragon
Aim: a komodo dragon (moderately wounded)
You can't place the prism on a creature.
Casting: Fulminant Prism (mildly dangerous; 1% risk of failure)
Confirm with . or Enter, or press ? or * to list all spells.
Aiming: Mephitic Cloud (safe; 1% risk of failure)
Press: ? - help, Shift-Dir - straight line, f/p - komodo dragon
Aim: a komodo dragon (moderately wounded, chance to affect: 62%) That beam is likely to hit you.
Continue anyway?
The ball explodes into a vile cloud!
The stinking cloud engulfs the komodo dragon but does no damage.
The komodo dragon is moderately wounded.
The stinking cloud engulfs you but does no damage.
You are engulfed in noxious fumes.
You choke on the stench!
You are confused.
You hear a shout!
The komodo dragon is engulfed in noxious fumes.
The komodo dragon appears confused.
The komodo dragon bites you.
* * * LOW HITPOINT WARNING * * *
You're too confused to move!
You are engulfed in noxious fumes.
* * * LOW HITPOINT WARNING * * *
You feel less confused.
The komodo dragon is engulfed in noxious fumes.
The komodo dragon bites you!!
You die...

#.#♣♣.♣♣
###♣.♣.♣#
#.♣♣♣[#
#♣.♣.♣#
♣♣.♣♣ ♣.♣
♣♣.♣ ♣.♣♣
♣♣@♣♣
♣♣l♣
♣T)○♣
#.###. #
.♣ .. .♣♣
.# ♣#


You could see a komodo dragon (confused).

Vanquished Creatures
  Erolcha (D:9)
  A two-headed ogre (D:9)
  An unseen horror (D:10)
  A gargoyle (D:7)
  A troll (D:10)
  2 hornets (D:10)
  Menkaure (D:6)
  Edmund (D:5)
  4 orc warriors
  3 ice beasts
  3 sky beasts
  A black bear (D:4)
  A hornet zombie (D:6)
  6 centaurs
  3 ogres
  3 kobold brigands
  A wyvern zombie (D:7)
  3 bullfrogs
  A gnoll sergeant (D:6)
  A scorpion (D:7)
  A wyvern skeleton (D:7)
  13 wights
  A howler monkey (D:8)
  3 centaur zombies
  2 bullfrog zombies (D:7)
  A gnoll shaman (D:9)
  5 orc priests
  2 centaur skeletons
  3 hounds
  7 iguanas
  7 orc wizards
  A killer bee zombie (D:8)
  A howler monkey zombie (D:8)
  20 gnolls
  6 river rats
  12 adders
  A shadow imp (D:6)
  An ufetubus (D:4)
  An adder zombie (D:4)
  4 worms
  3 dart slugs
  46 orcs
  6 endoplasms
  3 giant cockroaches
  7 goblins
  7 hobgoblins
  4 jackals
  3 quokkas
  10 ball pythons
  8 bats
  9 frilled lizards
  15 kobolds
  6 rats
258 creatures vanquished.

Vanquished Creatures (others)
  A wizard (D:4)
  16 fulminant prisms
  2 fungi (D:9)
  7 plants
26 creatures vanquished.

Grand Total: 284 creatures vanquished

Notes
Turn   | Place    | Note
-------+----------+-------------------------------------------
     0 | D:1      | Cheeritup the Draconian Conjurer began the quest for the
                  | Orb.
     0 | D:1      | Reached XP level 1. HP: 14/14 MP: 3/3
   153 | D:1      | Reached skill level 1 in Fighting
   203 | D:1      | Found a faded altar of an unknown god.
   347 | D:1      | Reached XP level 2. HP: 23/23 MP: 3/5
   350 | D:1      | Learned a level 2 spell: Searing Ray
  1217 | D:2      | Reached XP level 3. HP: 29/29 MP: 0/6
  1842 | D:3      | Found a hazy altar of Hepliaklqana.
  2058 | D:3      | Found a shimmering blue altar of Sif Muna.
  2058 | D:3      | Found an ancient bone altar of Kikubaaqudgha.
  2060 | D:3      | Found a radiant altar of Vehumet.
  2064 | D:3      | Got Kikubaaqudgha's Reference Book on Evil
  2074 | D:3      | Became a worshipper of Vehumet
  2156 | D:3      | Reached XP level 4. HP: 36/37 MP: 3/7
  2224 | D:3      | Found a glowing drain.
  2292 | Sewer    | Entered a sewer
  2758 | Sewer    | Reached skill level 5 in Conjurations
  2851 | Sewer    | Reached XP level 5. HP: 45/45 MP: 3/9
  3497 | D:3      | Reached * piety under Vehumet
  3497 | D:3      | Offered knowledge of Freeze by Vehumet.
  4436 | D:3      | Reached XP level 6. HP: 52/52 MP: 8/11
  4590 | D:3      | Found an iron altar of Okawaru.
  4778 | D:4      | Identified the ring "Cyakaa Luqu" {+Blink MP+9 Int+4 Dex-5
                  | Stlth+}
  4895 | D:4      | Found a staircase to the Ecumenical Temple.
  5035 | D:4      | Reached skill level 1 in Evocations
  5058 | D:4      | Offered knowledge of Scorch by Vehumet.
  5129 | D:4      | Reached ** piety under Vehumet
  5234 | D:4      | Your scales start taking on a pale cyan-grey colour.
  5234 | D:4      | Reached XP level 7. HP: 60/60 MP: 13/13
  5234 | D:4      | Gained mutation: You are immune to the effects of steam.
                  | [Pale Draconian growth]
  5441 | D:4      | Found a hide-covered altar of Uskayaw.
  5457 | D:4      | Found an ornate altar of the Wu Jian Council.
  5668 | D:4      | Found a bloodstained altar of Trog.
  5674 | D:4      | Noticed a wizard
  5677 | D:4      | Killed a wizard
  5811 | D:5      | Entered Level 5 of the Dungeon
  5965 | D:5      | Reached skill level 6 in Conjurations
  5968 | D:5      | Found Zin's Purification Station.
  6076 | D:5      | Found a glowing silver altar of Zin.
  6170 | D:5      | Reached skill level 1 in Hexes
  6170 | D:5      | Reached skill level 1 in Fire Magic
  6253 | D:5      | Reached skill level 1 in Short Blades
  6504 | D:5      | Found Wiyluz's Jewellery Shoppe.
  6594 | D:5      | Reached skill level 5 in Fighting
  6985 | D:6      | Noticed Menkaure
  6991 | D:6      | Killed Menkaure
  6997 | D:6      | Reached XP level 8. HP: 63/68 MP: 12/15
  7144 | D:5      | Bought a ring of see invisible for 180 gold pieces
  7339 | D:5      | Learned a level 4 spell: Fulminant Prism
  7534 | D:5      | Reached skill level 5 in Spellcasting
  7546 | D:6      | Reached skill level 1 in Air Magic
  7756 | D:6      | Noticed Edmund
  7788 | D:5      | Offered knowledge of Mephitic Cloud by Vehumet.
  7792 | D:5      | Reached skill level 7 in Conjurations
  7947 | D:5      | Killed Edmund
  8176 | D:6      | Learned a level 3 spell: Mephitic Cloud
  8374 | D:6      | Reached *** piety under Vehumet
  8405 | D:6      | Reached skill level 1 in Poison Magic
  8775 | D:7      | Reached skill level 8 in Conjurations
  8779 | D:7      | Reached XP level 9. HP: 70/74 MP: 18/18
  9004 | D:7      | Found a sparkling altar of Nemelex Xobeh.
  9042 | D:7      | Found a snail-covered altar of Cheibriados.
  9150 | D:7      | Found a flagged portal.
  9170 | Bailey   | Entered a bailey
  9187 | Bailey   | Learned a level 7 spell: Orb of Destruction
  9260 | Bailey   | Offered knowledge of Sticky Flame by Vehumet.
  9262 | Bailey   | Noticed an orc knight
  9725 | D:7      | Found a large runed translucent door.
  9725 | D:7      | Noticed a four-headed hydra
  9726 | D:7      | Found a large runed translucent door.
  9730 | D:7      | Found a large runed translucent door.
  9730 | D:7      | Found a large runed translucent door.
  9758 | D:7      | Reached skill level 9 in Conjurations
 10117 | D:7      | Noticed a gargoyle
 10119 | D:7      | Killed a gargoyle
 10124 | D:7      | Identified the ring of Fyeprucw {Fire Dex+2}
 10610 | D:7      | Reached skill level 10 in Conjurations
 10664 | D:7      | Found a basalt altar of Yredelemnul.
 10806 | D:8      | Reached **** piety under Vehumet
 10807 | D:8      | Reached XP level 10. HP: 77/83 MP: 21/21
 11004 | D:8      | Offered knowledge of Conjure Flame by Vehumet.
 11015 | D:8      | Learned a level 3 spell: Conjure Flame
 11173 | D:8      | Identified the +1 mace of Hedoco {drain, +Blink Fly Str+4}
 11885 | D:9      | Found a staircase to the Lair.
 12059 | D:9      | Noticed Erolcha
 12071 | D:9      | Found an opulent altar of Gozag.
 12072 | D:9      | Killed Erolcha
 12073 | D:9      | Reached skill level 5 in Fire Magic
 12205 | D:9      | Noticed a two-headed ogre
 12634 | D:9      | Killed a two-headed ogre
 12968 | D:10     | Entered Level 10 of the Dungeon
 13326 | D:10     | Slain by a komodo dragon

Illustrated notes

Levels and vault maps discovered:
D:1:      scummos_arrival_simple_fountains, layout_basic,
          shapermc_ecumenical_altar_mp_urbaneastern, minmay_crystal_water
D:2:      layout_basic, kennysheep_generic_room_13
D:3:      layout_basic, grunt_temple_overflow_magic_moments, okawaru_gym_becter,
          nicolae_overflow_hidden_temple, gup_sewer_entry_bubbles,
          minmay_misc_feat_ornament, minmay_three_crescents
D:4:      layout_rooms, nicolae_uskayaw_dance_hall,
          nicolae_wu_jian_glorious_leap, trog_wizard, temple_statues
D:5:      layout_basic, zin_purify, serial_shops, nicolae_stop_n_shop_2,
          chequers_serial_rivers_small_3, minmay_lizard_king
D:6:      layout_cave_pools, uniq_edmund, uniq_menkaure
D:7:      cheibrodos_quashed, layout_rooms, kennysheep_slug_shrine,
          lemuel_zombie_altar_yredelemnul, nemelex_xobeh_ov_fountains_minmay,
          enter_bailey_2, minmay_misc_feat_doors, st_stairs_12,
          minmay_hollow_rounded_squares
D:8:      layout_basic, lightli_orcish_oven
D:9:      layout_basic, grunt_gozag_breadcrumbs, dpeg_oklobed_lair,
          nicolae_figureground_sparkle, uniq_erolcha
D:10:     nzn_winding_woodlands_large [nzn_winding_woodlands_5x5_default,
          nzn_winding_woodlands_5x15_cabin,
          nzn_winding_woodlands_5x5_closed_star,
          nzn_winding_woodlands_center_diamonds,
          nzn_winding_woodlands_15x15_eel_pit,
          nzn_winding_woodlands_center_triple_pond,
          nzn_winding_woodlands_5x5_perimeter,
          nzn_winding_woodlands_5x15_pockets, nzn_winding_woodlands_hourglass],
          layout_stronghold, general_overflow_altar, tgw_xom, orc_0_dummy,
          serial_shops, nicolae_shop_waterfront, serial_glass, glass_columns_a,
          glass_columns_a, feat_on_display, minmay_strange_pillars,
          feat_on_display, serial_bayou_pond_c

Skill      XL: |  1  2  3  4  5  6  7  8  9 10 |
---------------+-------------------------------+-----
Fighting       | 1 2 3 4 5 6 7 |  7.9
Conjurations   | 5 6 8 10 | 10.5
Spellcasting   | 3 4 6 7 8 |  8.6
Evocations     | 1 |  1.5
Hexes          | 1 |  1.5
Fire Magic     | 2 3 5 |  5.5
Short Blades   | 1 2 |  2.0
Air Magic      | 1 |  1.5
Poison Magic   | 1 |  1.5
Stealth        | 2 |  2.0
Dodging        | 2 |  2.2

Action                   |  1- 3 |  4- 6 |  7- 9 | 10-12 || total
-------------------------+-------+-------+-------+-------++-------
Melee: Spear             |    31 |    56 |       |       ||    87
       Tailslap          |     2 |     5 |     4 |     1 ||    12
       Short sword       |       |       |     3 |       ||     3
       Dagger            |       |       |     5 |     5 ||    10
       Punch             |       |       |       |     1 ||     1
 Cast: Magic Dart        |    77 |   117 |   144 |    11 ||   349
       Searing Ray       |     2 |    20 |    65 |    44 ||   131
       Fulminant Prism   |       |       |    10 |     6 ||    16
       Mephitic Cloud    |       |       |     3 |     2 ||     5
       Orb of Destructio |       |       |     1 |     1 ||     2
       Conjure Flame     |       |       |       |     3 ||     3
 Abil: Breathe Steam     |       |       |     3 |     8 ||    11
Evoke: Wand              |       |       |     6 |       ||     6
  Use: Potion            |       |     2 |       |     2 ||     4
       Scroll            |       |     8 |     7 |     8 ||    23
 Stab: Sleeping          |       |     1 |       |       ||     1
Armor: Skin              |    15 |    23 |    28 |    17 ||    83
Dodge: Dodged            |    19 |    70 |    88 |    30 ||   207
Block: Other             |       |       |    30 |    18 ||    48
       Reflection        |       |       |     3 |     2 ||     5

Table legend: (Time is in decaauts)
 A = Elapsed time spent in this place.
 B = Non-inter-level travel time spent in this place.
 C = Inter-level travel time spent in this place.
 D = Time resting spent in this place.
 E = Time spent auto-exploring this place.
 F = Levels seen in this place.
 G = Mean time per level.
                   A        B        C        D        E       F      G
               +--------+--------+--------+--------+--------+-----+--------+
         Total |  13503 |  13168 |    335 |   2958 |   7609 |  12 | 1125.2 |
       Dungeon |  12184 |  11849 |    335 |   2607 |   6878 |  10 | 1218.4 |
         Sewer |   1213 |   1213 |      0 |    326 |    730 |   1 | 1213.0 |
        Bailey |    104 |    104 |      0 |     25 |      0 |   1 |  104.0 |
               +--------+--------+--------+--------+--------+-----+--------+

Top non-repeatable levels by time:
     D:7: 1880 daAuts
     D:5: 1825 daAuts
     D:2: 1450 daAuts
     D:3: 1311 daAuts
   Sewer: 1213 daAuts
     D:4: 1146 daAuts
     D:6: 1140 daAuts
     D:8: 1125 daAuts
     D:9: 1084 daAuts
     D:1: 855 daAuts
    D:10: 364 daAuts
  Bailey: 104 daAuts
